 Dungeon Crawl Stone Soup version 0.28.0-45-g0d030f2227 (webtiles) character file.

Game seed: 4930582652354687247

141 MisterFreud the Covert (level 5, -1/47 HPs)
             Began as a Gnoll Delver on May 19, 2022.
             Slain by Edmund
             ... wielding a +2 flail of protection
              (10 damage)
             ... on level 5 of the Dungeon.
             The game lasted 00:01:32 (456 turns).

MisterFreud the Covert (Gnoll Delver)                Turns: 456, Time: 00:01:32

Health: -1/47      AC:  3    Str: 11    XL:     5   Next: 24%
Magic:  7/7        EV: 13    Int: 12    God:
Gold:   0          SH:  0    Dex: 13    Spells: 6/6 levels left

rFire   . . .      SeeInvis .   a - +0 short sword
rCold   . . .      Faith    .   (no shield)
rNeg    . . .      Spirit   .   b - +0 leather armour
rPois   .          Reflect  .   (no helmet)
rElec   .          Harm     .   (no cloak)
rCorr   .          Rampage  .   (no gloves)
Will    .....                   (no boots)
Stlth   ++++......              (no amulet)
HPRegen 0.15/turn               (no ring)
MPRegen 0.10/turn               (no ring)

@: no status effects
A: fangs 1, strong nose, distributed training
a: no special abilities


You were on level 5 of the Dungeon.
You visited 1 branch of the dungeon, and saw 2 of its levels.
You also visited: Ossuary.

Inventory:

Hand Weapons
 a - a +0 short sword (weapon)
Armour
 b - a +0 leather armour (worn)
Wands
 g - a wand of digging (3)
Scrolls
 c - a scroll of fog
 e - a scroll of fear


   Skills:
 + Level 6.7 Fighting
 + Level 4.7 Short Blades
 + Level 1.4 Long Blades
 + Level 1.4 Axes
 + Level 1.4 Maces & Flails
 + Level 1.4 Polearms
 + Level 1.4 Staves
 + Level 1.4 Slings
 + Level 1.4 Bows
 + Level 1.4 Crossbows
 + Level 1.4 Throwing
 + Level 1.4 Armour
 + Level 4.7 Dodging
 + Level 9.7 Stealth
 + Level 1.4 Shields
 + Level 1.4 Unarmed Combat
 + Level 1.4 Spellcasting
 + Level 1.1 Conjurations
 + Level 1.1 Hexes
 + Level 1.1 Summonings
 + Level 1.1 Necromancy
 + Level 1.1 Translocations
 + Level 1.1 Transmutations
 + Level 1.1 Fire Magic
 + Level 1.1 Ice Magic
 + Level 1.1 Air Magic
 + Level 1.1 Earth Magic
 + Level 1.1 Poison Magic
 + Level 1.6 Invocations
 + Level 1.4 Evocations


You had 6 spell levels left.
You didn't know any spells.
Your spell library contained the following spells:

 Spells                   Type           Power      Damage    Failure   Level
 Shock                    Conj/Air       12%        1d3       24%         1
 Swiftness                Air            3%         N/A       56%         3
 Airstrike                Air            1%         N/A       93%         4


Dungeon Overview and Level Annotations

Branches:
Dungeon (6/15)             Temple (0/1) D:5         Ossuary (visited)

Altars:

Annotations:
D:5 Edmund


Innate Abilities, Weirdness & Mutations

You have very sharp teeth.
Your uncanny sense of smell can sniff out nearby items.
Your experience applies equally to all skills.


Message History

Unknown command.
You hit Edmund but do no damage. You punch Edmund, but do no damage.
Your bite misses Edmund.
Edmund is severely wounded.
Edmund barely misses you.
You hit Edmund but do no damage.
Edmund is severely wounded.
Edmund closely misses you.
You hit Edmund.
Edmund is severely wounded.
You hit Edmund but do no damage.
Edmund is severely wounded.
Edmund closely misses you.
You hit Edmund but do no damage.
Edmund is severely wounded.
Edmund closely misses you.
You hit Edmund.
Edmund is severely wounded.
Edmund hits you with a +2 flail of protection!
You closely miss Edmund.
Edmund is severely wounded.
Edmund hits you with a +2 flail of protection.
You closely miss Edmund.
Edmund is severely wounded.
Edmund hits you with a +2 flail of protection!
You hit Edmund but do no damage.
Edmund is severely wounded.
Edmund closely misses you.
You hit Edmund but do no damage.
Edmund is severely wounded.
Edmund hits you with a +2 flail of protection!
* * * LOW HITPOINT WARNING * * *
You hit Edmund but do no damage.
Edmund is severely wounded.
You aren't carrying any potions.
Okay, then.
Unknown command.
Okay, then.
Edmund hits you with a +2 flail of protection!
You die...

#.### #.# #.#
#.# #.# #####.
#.# ###....?.
#.# #.....# #.#
#@.PP.#..
#.######@P>.....
#.#......P......
#.#.####.....=..
#.#.# ##.......
#...# ..###..
###.# ..# . #.#
... #.. ∆.###
####


You could see Edmund.

Vanquished Creatures
  A sky beast (D:6)
  A wyvern skeleton (D:6)
  A gnoll skeleton (Ossuary)
  A kobold skeleton (Ossuary)
4 creatures vanquished.

Notes
Turn   | Place    | Note
-------+----------+-------------------------------------------
     0 | D:5      | Reached skill level 9 in Stealth
     0 | D:5      | MisterFreud the Gnoll Delver began the quest for the Orb.
     0 | D:5      | Reached XP level 1. HP: 23/23 MP: 1/1
     1 | D:6      | Noticed a sky beast
     2 | D:6      | Killed a sky beast
     3 | D:6      | Reached skill level 1 in Long Blades
     3 | D:6      | Reached skill level 1 in Axes
     3 | D:6      | Reached skill level 1 in Maces & Flails
     3 | D:6      | Reached skill level 1 in Polearms
     3 | D:6      | Reached skill level 1 in Staves
     3 | D:6      | Reached skill level 1 in Slings
     3 | D:6      | Reached skill level 1 in Bows
     3 | D:6      | Reached skill level 1 in Crossbows
     3 | D:6      | Reached skill level 1 in Throwing
     3 | D:6      | Reached skill level 1 in Armour
     3 | D:6      | Reached skill level 1 in Shields
     3 | D:6      | Reached skill level 1 in Unarmed Combat
     3 | D:6      | Reached skill level 1 in Spellcasting
     3 | D:6      | Reached skill level 1 in Conjurations
     3 | D:6      | Reached skill level 1 in Hexes
     3 | D:6      | Reached skill level 1 in Summonings
     3 | D:6      | Reached skill level 1 in Necromancy
     3 | D:6      | Reached skill level 1 in Translocations
     3 | D:6      | Reached skill level 1 in Transmutations
     3 | D:6      | Reached skill level 1 in Fire Magic
     3 | D:6      | Reached skill level 1 in Ice Magic
     3 | D:6      | Reached skill level 1 in Air Magic
     3 | D:6      | Reached skill level 1 in Earth Magic
     3 | D:6      | Reached skill level 1 in Poison Magic
     3 | D:6      | Reached skill level 1 in Invocations
     3 | D:6      | Reached skill level 1 in Evocations
     3 | D:6      | Reached XP level 2. HP: 29/29 MP: 1/3
     3 | D:6      | Reached XP level 3. HP: 35/35 MP: 1/4
     3 | D:6      | Reached XP level 4. HP: 41/41 MP: 1/5
     6 | D:6      | Reached XP level 5. HP: 47/47 MP: 1/7
    65 | D:6      | Found a sand-covered staircase.
    67 | D:6      | Noticed a water moccasin
    74 | Ossuary  | Entered an ossuary
   437 | D:5      | Found a staircase to the Ecumenical Temple.
   441 | D:5      | Noticed Edmund
   456 | D:5      | Slain by Edmund

Illustrated notes

Levels and vault maps discovered:
D:5:      layout_loops_ring, kennysheep_mini, minmay_temple_entry_overgrown,
          grunt_ministairs_2, uniq_edmund
D:6:      layout_gridville, nicolae_ossuary_entry_monument, grunt_ministairs_2,
          columned_hall_lemuel

Skill      XL: |  1 |
---------------+----+-----
Stealth        | |  9.7
Long Blades    | 1 |  1.4
Axes           | 1 |  1.4
Maces & Flails | 1 |  1.4
Polearms       | 1 |  1.4
Staves         | 1 |  1.4
Slings         | 1 |  1.4
Bows           | 1 |  1.4
Crossbows      | 1 |  1.4
Throwing       | 1 |  1.4
Armour         | 1 |  1.4
Shields        | 1 |  1.4
Unarmed Combat | 1 |  1.4
Spellcasting   | 1 |  1.4
Conjurations   | 1 |  1.1
Hexes          | 1 |  1.1
Summonings     | 1 |  1.1
Necromancy     | 1 |  1.1
Translocations | 1 |  1.1
Transmutations | 1 |  1.1
Fire Magic     | 1 |  1.1
Ice Magic      | 1 |  1.1
Air Magic      | 1 |  1.1
Earth Magic    | 1 |  1.1
Poison Magic   | 1 |  1.1
Invocations    | 1 |  1.6
Evocations     | 1 |  1.4
Fighting       | |  6.7
Short Blades   | |  4.7
Dodging        | |  4.7

Action                   |  1- 3 |  4- 6 || total
-------------------------+-------+-------++-------
Melee: Short sword       |     1 |    31 ||    32
       Bite              |       |     4 ||     4
       Punch             |       |     2 ||     2
  Use: Scroll            |       |     2 ||     2
       Potion            |       |     1 ||     1
 Stab: Sleeping          |     1 |     2 ||     3
Armor: Leather armour    |       |     3 ||     3
Dodge: Dodged            |       |    10 ||    10
